 Dungeon Crawl Stone Soup version 0.29.1-12-g30fa7ad0bf (webtiles) character file.

Game seed: 15696386927544213940

4 Brandom the Grasshopper (level 1, 0/17 HPs)
             Began as a Palentonga Warper on Dec 13, 2022.
             Slain by a bat (1 damage)
             ... on level 1 of the Dungeon.
             The game lasted 00:01:51 (252 turns).

Brandom the Grasshopper (Palentonga Warper)          Turns: 252, Time: 00:01:51

Health: 0/17       AC:  4    Str: 16    XL:     1   Next: 50%
Magic:  3/3        EV:  9    Int: 13    God:
Gold:   0          SH:  0    Dex:  9    Spells: 4/4 levels left

rFire   . . .      SeeInvis +   a - +0 falchion
rCold   . . .      Faith    .   (no shield)
rNeg    . . .      Spirit   .   b - +0 leather armour
rPois   .          Reflect  .   (no helmet)
rElec   .          Harm     .   (no cloak)
rCorr   .          Rampage  .   (no gloves)
Will    .....                   (no barding)
Stlth   +.........              e - amulet of the acrobat
HPRegen 0.05/turn               (no ring)
MPRegen 0.08/turn               (no ring)

@: no status effects
A: large, rugged brown scales 3, see invisible, deformed body, roll 1, armoured
tail
a: Rolling Charge


You were on level 1 of the Dungeon.
You visited 1 branch of the dungeon, and saw 1 of its levels.

Inventory:

Hand Weapons
 a - a +0 falchion (weapon)
Missiles
 d - 7 boomerangs of dispersal (quivered)
Armour
 b - a +0 leather armour (worn)
Jewellery
 e - an amulet of the acrobat (around neck)
Scrolls
 c - a scroll of blinking
 f - a scroll of poison {unknown}


   Skills:
 + Level 2.0 Fighting
 + Level 2.0 Long Blades
 - Level 0.6 Throwing
 + Level 0.7 Armour
 + Level 1.6 Dodging
 - Level 2.0 Spellcasting
 + Level 3.1 Translocations


You had 4 spell levels left.
You didn't know any spells.
Your spell library contained the following spells:

 Spells                   Type           Power      Damage    Failure   Level
 Blink                    Tloc           18%        N/A       13%         2
 Gell's Gravitas          Tloc           9%         N/A       26%         3
 Lesser Beckoning         Tloc           9%         N/A       26%         3
 Teleport Other           Tloc           9%         N/A       26%         3
 Manifold Assault         Tloc           9%         N/A       94%         5


Dungeon Overview and Level Annotations

Branches:
Dungeon (1/15)

Altars:


Innate Abilities, Weirdness & Mutations

You are completely covered in rugged brown scales. (AC +3, +7% HP)
You have supernaturally acute eyesight. (SInv)
Armour fits poorly on your strangely shaped body.
You can roll at nearby foes to attack.
You have a long armoured tail.


Message History

* * * LOW HITPOINT WARNING * * *
The bat hits you but does no damage. The bat misses you.
The bat completely misses you. The bat attacks as you move away!
The bat completely misses you. The bat barely misses you.
The bat closely misses you.
A giant cockroach comes into view.
The bat hits you but does no damage.
A kobold comes into view. It is wielding a +0 whip.
The kobold shouts!
The bat completely misses you. The bat completely misses you.
The kobold throws a stone.
The stone misses you. The bat completely misses you.
The bat completely misses you.
The ball python attacks as you move away!
The ball python misses you. The bat closely misses you.
The bat completely misses you. The bat misses you.
The bat attacks as you move away! The bat hits you but does no damage.
The bat completely misses you. The bat completely misses you. x2
The bat closely misses you.
The ball python attacks as you move away!
The ball python bites you.
* * * LOW HITPOINT WARNING * * *
The bat misses you.
Unknown command.
The ball python attacks as you move away!
The ball python bites you but does no damage.
The bat attacks as you move away! The bat misses you.
The bat closely misses you.
The ball python bites you but does no damage.
The bat attacks as you move away! The bat barely misses you.
Found a scroll labelled USCHACZ YSIO.
The bat misses you. The bat completely misses you.
The bat hits you but does no damage.
The ball python attacks as you move away!
The ball python completely misses you. The bat completely misses you.
There is an escape hatch in the floor here.
The bat closely misses you. The bat hits you.
You die...

##.#.......).####
...##.g####.....#
...##.## #......#
...##.####.#....#
................####
#########...........
# #
####.......####?.#
##...K...g.b......#
###..##.#..#.#@#.#..#
#...###.#..#.###
###.##..........#
.##.##.........##
g...#........###
.............<##
#..##........#.#
#..#.........>##
#....#.......##


You could see a gnoll, a bat and a kobold.

Vanquished Creatures
  An endoplasm (D:1)
  A hobgoblin (D:1)
  A kobold (D:1)
  A rat (D:1)
4 creatures vanquished.

Notes
Turn   | Place    | Note
-------+----------+-------------------------------------------
     0 | D:1      | Brandom the Palentonga Warper began the quest for the Orb.
     0 | D:1      | Reached XP level 1. HP: 17/17 MP: 3/3
   252 | D:1      | Slain by a bat

Illustrated notes

Levels and vault maps discovered:
D:1:      onia_arrival_handbag, layout_rooms, serial_shops,
          nicolae_shop_advertising_works [nicolae_subvault_shop_adworks],
          shapermc_ecumenical_altar_ellora, minmay_pentomino_x4

Action                   || total
-------------------------++-------
Melee: Falchion          ||    17
       Tailslap          ||     3
Armor: Leather armour    ||    17
Dodge: Dodged            ||   105
